 Dungeon Crawl Stone Soup version 0.23-a0-270-gab6feb3 (webtiles) character file.

2832 CozyGlow the Skirmisher (level 9, -6/72 HPs)
             Began as a Demonspawn Monk on Oct 1, 2018.
             Was an Elder of Makhleb.
             Mangled by a killer bee (9 damage)
             ... on level 7 of the Dungeon.
             The game lasted 00:20:12 (7543 turns).

CozyGlow the Skirmisher (Demonspawn Monk)           Turns: 7543, Time: 00:20:13

Health: -6/72      AC:  7    Str: 16    XL:     9   Next: 45%
Magic:  13/13      EV: 16    Int: 12    God:    Makhleb [****..]
Gold:   445        SH:  0    Dex: 19    Spells: 8/8 levels left

rFire    . . .     SeeInvis .   r - +4 quarterstaff (chaos)
rCold    + + .     Gourm    .   (shield currently unavailable)
rNeg     . . .     Faith    +   N - +2 leather armour {rC+}
rPois    .         Spirit   .   m - +0 helmet
rElec    .         Reflect  .   C - +0 cloak
rCorr    .         Harm     .   (no gloves)
MR       ++...                  (no boots)
Stlth    +++++.....             A - amulet of faith
HPRegen  0.22/turn              w - ring of protection from magic
MPRegen  0.13/turn              L - ring of protection from magic

@: mighty, lethally poisoned (-6 -> -20)
A: cold resistance 1, nightstalker 2, freezing cloud immunity
a: Minor Destruction, Lesser Servant of Makhleb, Major Destruction, Renounce
Religion


You were on level 7 of the Dungeon.
You worshipped Makhleb.
Makhleb was greatly pleased with you.
You were hungry.

You visited 1 branch of the dungeon, and saw 7 of its levels.
You also visited: Sewer.

You collected 445 gold pieces.

Inventory:

Hand Weapons
 a - a +0 falchion
 d - a +0 short sword of venom
 r - a +4 quarterstaff of chaos (weapon)
 H - a +1 dagger of flaming
Missiles
 n - 11 tomahawks (quivered)
Armour
 b - a +0 robe
 h - a +0 leather armour
 m - a +0 helmet (worn)
 o - a +0 ring mail
 C - a +0 cloak (worn)
 G - a +0 robe of cold resistance
 N - a +2 leather armour of cold resistance (worn)
Jewellery
 k - an uncursed amulet of guardian spirit
 w - a ring of protection from magic (left hand)
 A - an amulet of faith (around neck)
 B - an uncursed ring of protection from fire
 L - a ring of protection from magic (right hand)
Wands
 E - a wand of random effects (25)
 M - a wand of flame (6)
Scrolls
 f - 2 scrolls of teleportation
 g - 5 scrolls of amnesia
 p - 2 scrolls of fog
 q - a scroll of enchant weapon
 s - 2 scrolls of remove curse
 x - a scroll of enchant armour
 y - a scroll of fear
 I - 3 scrolls of identify
 K - a scroll of magic mapping {unknown}
Potions
 e - a potion of magic
 j - a potion of haste {unknown}
 l - 2 potions of agility
 t - a potion of ambrosia
 u - 3 potions of flight
 v - a potion of brilliance
 D - a potion of degeneration {unknown}
 F - 2 potions of mutation
 J - 2 potions of cancellation {unknown}
 O - a potion of berserk rage {unknown}
Comestibles
 c - 9 rations


   Skills:
 + Level 7.2 Fighting
 - Level 4.2 Long Blades
 + Level 3.6 Staves
 + Level 5.8 Dodging
 * Level 6.3 Stealth
 + Level 6.6 Invocations


You had 8 spell levels left.
You didn't know any spells.
Your spell library was empty.

Dungeon Overview and Level Annotations

Branches:
Dungeon (7/15)             Temple (0/1) D:5

Altars:
Ashenzari
Fedhas
Gozag
Hepliaklqana
Makhleb
Qazlal
Wu Jian
Xom
Zin

Shops:
D:4 (


Innate Abilities, Weirdness & Mutations

Your flesh is cold resistant. (rC+)
You are significantly more attuned to the shadows.
You are immune to freezing clouds.


Message History

The killer bee closely misses you. The killer bee misses you.
You bludgeon the killer bee!!
You kill the killer bee!
Makhleb accepts your kill.
You feel better.
* * * LOW HITPOINT WARNING * * *
You feel sick. The killer bee barely misses you. The killer bee stings you.
* * * LOW HITPOINT WARNING * * *
You closely miss the killer bee.
The killer bee is moderately wounded.
* * * LOW HITPOINT WARNING * * *
You feel sick. The killer bee stings you.
* * * LOW HITPOINT WARNING * * *
The killer bee barely misses you.
You miss the killer bee.
The killer bee is moderately wounded.
* * * LOW HITPOINT WARNING * * *
You feel sick. The killer bee misses you. The killer bee barely misses you.
The killer bee stings you!
You die...

#[##.######.......
#.##..............
#.....####.....####
...#..# ##...##..# .#
...#..# ..##.##.÷.#..#
......# ...#)#...##..#
....... #)'#.#'.##...#
........###...###....#
.>.#.. ....8..†@....#
....#. ###...###y..##
....#.. #.'#.#'.##..#
....#.# ...#.#...##.#
....#.# ..##.##...#.#
....#.# ##...##./# #
....#.####)....####
..........).......
.............#####


You could see a killer bee.

Vanquished Creatures
  Pikel (D:7)
  A porcupine (D:7)
  An orc warrior (D:6)
  2 ogres
  A phantom (D:6)
  4 centaurs
  A crocodile (D:7)
  A big kobold (Sewer)
  2 bullfrogs (D:6)
  Dowan (D:7)
  3 scorpions
  5 killer bees (D:7)
  A water moccasin skeleton (D:6)
  3 howler monkeys
  2 bullfrog zombies
  Crazy Yiuf (D:4)
  An orc priest (D:6)
  A bullfrog skeleton (D:4)
  4 hounds
  4 iguanas
  3 worker ants
  3 orc wizards (D:5)
  A hound zombie (D:7)
  2 adders
  An adder zombie (D:6)
  3 oozes (D:1)
  3 worms
  4 dart slugs
  2 leopard geckos
  14 orcs
  A bat (D:1)
  8 giant cockroaches
  3 goblins
  6 hobgoblins
  10 jackals
  9 kobolds
  2 quokkas
  2 ball pythons
  5 frilled lizards
  A leopard gecko skeleton (D:7)
  A quokka skeleton (D:7)
  15 rats
139 creatures vanquished.

Vanquished Creatures (collateral kills)
  Joseph (D:7)
  A sky beast (D:7)
  A water moccasin zombie (D:7)
3 creatures vanquished.

Vanquished Creatures (others)
  2 slaves (D:7)
  An ogre (D:7)
  2 centaurs (D:7)
  An orc wizard (D:7)
6 creatures vanquished.

Grand Total: 148 creatures vanquished

Notes
Turn   | Place    | Note
-------+----------+-------------------------------------------
     0 | D:1      | CozyGlow the Demonspawn Monk began the quest for the Orb.
     0 | D:1      | Reached XP level 1. HP: 18/18 MP: 1/1
   289 | D:1      | Gained mutation: You are slightly more attuned to the
                  | shadows. [demonic ancestry]
   289 | D:1      | Reached XP level 2. HP: 20/24 MP: 2/2
   775 | D:1      | Reached XP level 3. HP: 25/29 MP: 3/3
  1942 | D:2      | Found a burning altar of Makhleb.
  1950 | D:2      | Reached XP level 4. HP: 27/37 MP: 4/4
  1970 | D:2      | Became a worshipper of Makhleb the Destroyer
  1970 | D:2      | Reached * piety under Makhleb
  1970 | D:2      | Reached ** piety under Makhleb
  2213 | D:2      | Found a hazy altar of Hepliaklqana.
  2262 | D:2      | Reached skill level 4 in Fighting
  2875 | D:3      | Found an opulent altar of Gozag.
  3083 | D:4      | Reached skill level 1 in Invocations
  3084 | D:4      | Noticed an ogre
  3315 | D:4      | Killed an ogre
  3315 | D:4      | Gained mutation: You are significantly more attuned to the
                  | shadows. [demonic ancestry]
  3315 | D:4      | Reached XP level 5. HP: 23/43 MP: 2/6
  3683 | D:4      | Reached XP level 6. HP: 46/50 MP: 5/7
  3755 | D:4      | Found Verruv's Weapon Shoppe.
  3914 | D:4      | Reached skill level 5 in Fighting
  4007 | D:4      | Found a stormy altar of Qazlal.
  4007 | D:4      | Found a shimmering altar of Xom.
  4007 | D:4      | Found a shattered altar of Ashenzari.
  4349 | D:4      | Found a runed door.
  4580 | D:4      | Noticed Crazy Yiuf
  4590 | D:4      | Killed Crazy Yiuf
  4654 | D:5      | Entered Level 5 of the Dungeon
  4929 | D:5      | Gained mutation: Your flesh is cold resistant. (rC+)
                  | [demonic ancestry]
  4929 | D:5      | Reached XP level 7. HP: 41/56 MP: 6/9
  5278 | D:5      | Found a glowing silver altar of Zin.
  5374 | D:5      | Found a staircase to the Ecumenical Temple.
  5476 | D:5      | Found a blossoming altar of Fedhas.
  5872 | D:6      | Reached *** piety under Makhleb
  5872 | D:6      | Reached skill level 6 in Fighting
  5872 | D:6      | Reached skill level 1 in Staves
  5883 | D:6      | Found an ornate altar of the Wu Jian Council.
  5902 | D:6      | Gained mutation: You are immune to freezing clouds.
                  | [demonic ancestry]
  5902 | D:6      | Reached XP level 8. HP: 64/64 MP: 7/11
  6129 | D:6      | Found a glowing drain.
  6156 | Sewer    | Entered a sewer
  6261 | Sewer    | Found a white marble altar of Elyvilon.
  6405 | D:6      | Reached skill level 5 in Invocations
  6523 | D:6      | Reached skill level 5 in Dodging
  6688 | D:7      | Noticed Pikel
  6718 | D:7      | Killed Pikel
  6718 | D:7      | Reached skill level 5 in Stealth
  6718 | D:7      | Reached XP level 9. HP: 42/71 MP: 13/13
  6966 | D:7      | Noticed Duvessa
  6971 | D:7      | Noticed Dowan
  7038 | D:7      | Noticed Duvessa
  7038 | D:7      | Duvessa changed into Duvessa the iguana
  7047 | D:7      | Killed Duvessa the iguana
  7057 | D:7      | Killed Dowan
  7257 | D:7      | Noticed Joseph
  7272 | D:7      | Killed Joseph
  7272 | D:7      | Reached skill level 7 in Fighting
  7527 | D:7      | Reached **** piety under Makhleb
  7543 | D:7      | HP: 3/72 [poisoned by a killer bee]
  7543 | D:7      | Mangled by a killer bee

Vault maps used:
D:1:      ncdulo_halloftheorcs, minmay_misc_feat_cross, minmay_pentomino_p2
D:2:      lemuel_crystal_altar, old_standard_altar, kennysheep_cross_room
D:3:      grunt_gozag_breadcrumbs, first_ration
D:4:      gammafunk_temple_overflow_claw, serial_shops, shop,
          uniq_crazy_yiuf_cottage
D:5:      fedhas_bush_and_centaur_altar, zin_academy, lemuel_temple_firewalk_a,
          minivault_19
D:6:      basic_altar, portal_sewer_entry_b, minmay_splitting_lines
D:7:      cheibrodos_barr_body, nemelex_xobeh_ov_fountains_minmay, uniq_duvessa,
          uniq_joseph, uniq_pikel
Sewer:    sewer_kobolds

Skill      XL: |  1  2  3  4  5  6  7  8  9 |
---------------+----------------------------+-----
Stealth        | 2 3 5 6 |  6.3
Dodging        | 3 4 5 |  5.8
Long Blades    | 3 4 |  4.2
Fighting       | 4 5 6 7 |  7.2
Invocations    | 1 2 3 4 5 6 |  6.6
Staves         | 1 3 |  3.6

Action                   |  1- 3 |  4- 6 |  7- 9 || total
-------------------------+-------+-------+-------++-------
Melee: Falchion          |   117 |       |       ||   117
       Short sword       |    30 |   135 |    22 ||   187
       Quarterstaff      |       |       |   210 ||   210
Invok: Minor Destruction |       |       |     2 ||     2
       Lesser Servant of |       |       |     1 ||     1
  Use: Scroll            |       |    16 |     2 ||    18
       Potion            |       |     2 |     8 ||    10
 Stab: Sleeping          |     8 |    10 |    13 ||    31
       Distracted        |       |     1 |       ||     1
       Petrified         |       |       |     5 ||     5
       Confused          |       |       |     2 ||     2
       Paralysed         |       |       |     2 ||     2
  Eat: Chunk             |     3 |    10 |     1 ||    14
       Ration            |       |       |     2 ||     2
Armor: Robe              |     8 |       |       ||     8
       Leather armour    |    21 |    17 |    44 ||    82
       Ring mail         |    14 |    14 |       ||    28
       Skin              |       |       |     3 ||     3
Dodge: Dodged            |   102 |    84 |   229 ||   415
       Rpst.: Falchion   |    27 |       |       ||    27

Table legend:
 A = Non-vault XP
 B = Vault XP
 C = Vault XP percentage of total XP
 D = Non-vault monster count
 E = Vault monster count
 F = Vault count percentage of total count
                 A         B        C        D         E       F
            +---------+---------+-------+---------+---------+-------
      Total |    2400 |    1646 |  40.7 |     111 |      30 |  21.3
            +---------+---------+-------+---------+---------+-------
        D:1 |      54 |       4 |   6.9 |      22 |       2 |   8.3
        D:2 |      63 |       0 |   0.0 |      25 |       0 |   0.0
        D:3 |      18 |       0 |   0.0 |       7 |       0 |   0.0
        D:4 |     427 |      44 |   9.3 |      16 |       1 |   5.9
        D:5 |     297 |     106 |  26.3 |      11 |       1 |   8.3
        D:6 |     906 |      16 |   1.7 |      18 |       4 |  18.2
        D:7 |     635 |    1368 |  68.3 |      12 |      12 |  50.0
      Sewer |       0 |     108 | 100.0 |       0 |      10 | 100.0
            +---------+---------+-------+---------+---------+-------
